 Dungeon Crawl Stone Soup version 0.26-a0-1013-gf6ffb0d6bd (webtiles) character file.

Game seed: 404078169127939883

72 streetpizza the Covered (level 4, -26/34 HPs)
             Began as a Gnoll Wanderer on Dec 7, 2020.
             Blown up by Ijyb (30 damage)
             ... with a disintegration bolt
             ... on level 3 of the Dungeon.
             The game lasted 00:05:28 (1812 turns).

streetpizza the Covered (Gnoll Wanderer)            Turns: 1812, Time: 00:05:30

Health: -26/34     AC:  5    Str: 13    XL:     4   Next: 25%
Magic:  5/5        EV: 13    Int: 16    God:
Gold:   212        SH:  0    Dex: 21    Spells: 5/5 levels left

rFire    . . .     SeeInvis .   a - +0 falchion
rCold    . . .     Faith    .   (no shield)
rNeg     . . .     Spirit   .   b - +2 leather armour
rPois    .         Reflect  .   (no helmet)
rElec    .         Harm     .   (no cloak)
rCorr    .         Rampage  .   (no gloves)
Will     .....                  (no boots)
Stlth    ++........             (no amulet)
HPRegen  0.11/turn              (no ring)
MPRegen  0.09/turn              t - +6 ring of dexterity

@: no status effects
A: distributed training, fangs 1, strong nose
a: no special abilities


You were on level 3 of the Dungeon.
You visited 1 branch of the dungeon, and saw 3 of its levels.

You collected 212 gold pieces.

Inventory:

Hand Weapons
 a - a +0 falchion (weapon)
Missiles
 o - 10 poisoned darts (quivered)
Armour
 b - a +2 leather armour (worn)
 m - a +0 helmet
Jewellery
 k - an uncursed ring of fire
 t - a +6 ring of dexterity (right hand)
Scrolls
 c - a scroll of teleportation
 d - a scroll of magic mapping {unknown}
 f - 3 scrolls of remove curse {unknown}
 i - a scroll of immolation {unknown}
 j - a scroll of random uselessness {unknown}
 l - 2 scrolls of identify {unknown}
 n - a scroll of amnesia {unknown}
 p - 3 scrolls of enchant weapon {unknown}
 r - a scroll of fear {unknown}
 s - 3 scrolls of enchant armour {unknown}
 u - a scroll of noise {unknown}
Potions
 e - 2 potions of brilliance
 g - a potion of might {unknown}
 q - a potion of heal wounds {unknown}


   Skills:
 + Level 2.7 Fighting
 + Level 1.1 Short Blades
 + Level 4.6 Long Blades
 + Level 1.1 Axes
 + Level 1.1 Maces & Flails
 + Level 1.1 Polearms
 + Level 1.1 Staves
 + Level 1.1 Slings
 + Level 2.7 Bows
 + Level 1.1 Crossbows
 + Level 1.1 Throwing
 + Level 4.6 Armour
 + Level 2.7 Dodging
 + Level 2.5 Stealth
 + Level 2.7 Shields
 + Level 1.1 Unarmed Combat
 + Level 1.1 Spellcasting
 + Level 0.8 Conjurations
 + Level 0.8 Hexes
 + Level 0.8 Summonings
 + Level 0.8 Necromancy
 + Level 0.8 Translocations
 + Level 0.8 Transmutations
 + Level 0.8 Fire Magic
 + Level 0.8 Ice Magic
 + Level 0.8 Air Magic
 + Level 0.8 Earth Magic
 + Level 0.8 Poison Magic
 + Level 1.2 Invocations
 + Level 2.7 Evocations


You had 5 spell levels left.
You didn't know any spells.
Your spell library was empty.

Dungeon Overview and Level Annotations

Branches:
Dungeon (3/15)

Altars:

Annotations:
D:3 Ijyb


Innate Abilities, Weirdness & Mutations

Your experience applies equally to all skills.
You have very sharp teeth.
Your uncanny sense of smell can sniff out nearby items.


Message History

* * * LOW HITPOINT WARNING * * *
Ijyb zaps a wand.
You barely resist. You barely miss Ijyb. You bite Ijyb.
Ijyb is moderately wounded.
Ijyb hits you with a +0 dagger.
* * * LOW HITPOINT WARNING * * *
The rat closely misses you.
You riposte.
You hit the rat.
You kill the rat!
The kobold hits you but does no damage.
You hit Ijyb.
Ijyb is heavily wounded.
The kobold closely misses you. Ijyb hits you but does no damage.
Unknown command.
You barely miss Ijyb. Your bite misses Ijyb.
Ijyb is heavily wounded.
The kobold hits you with a +0 dagger.
* * * LOW HITPOINT WARNING * * *
Ijyb zaps a wand.
You are blasted!
Ouch! That really hurt!
You die...

.####.####....######...##
####.##
.........#............## #..#
#####.##....^........)####
#...
#.######.########.....####...
#.# #..##........(........
#.# ##.##..........####...
#.. #.............# #... ###
######..†........# #...
........@g........# ####
########.K........
#.......... #........K.
#........ #########


You could see Ijyb and a kobold.

Vanquished Creatures
  An adder (D:3)
  An ooze (D:2)
  A dart slug (D:2)
  2 leopard geckos (D:1)
  2 orcs (D:3)
  2 giant cockroaches
  8 goblins
  A hobgoblin (D:1)
  9 jackals
  8 kobolds
  6 bats
  3 frilled lizards
  6 rats
50 creatures vanquished.

Notes
Turn   | Place    | Note
-------+----------+-------------------------------------------
     0 | D:1      | streetpizza the Gnoll Wanderer began the quest for the Orb.
     0 | D:1      | streetpizza set off with the following items: a +0
                  | falchion, a +2 leather armour, a scroll of teleportation
     0 | D:1      | Reached XP level 1. HP: 17/17 MP: 1/1
     6 | D:1      | Noticed a polar bear
     6 | D:1      | Noticed a rime drake
     6 | D:1      | Noticed a wolf
     7 | D:1      | Noticed a killer bee
     7 | D:1      | Noticed a salamander
   353 | D:1      | Reached XP level 2. HP: 22/23 MP: 2/2
   587 | D:1      | Reached XP level 3. HP: 28/28 MP: 3/3
  1063 | D:2      | Reached skill level 1 in Invocations
  1306 | D:2      | Reached skill level 1 in Short Blades
  1306 | D:2      | Reached skill level 1 in Axes
  1306 | D:2      | Reached skill level 1 in Maces & Flails
  1306 | D:2      | Reached skill level 1 in Polearms
  1306 | D:2      | Reached skill level 1 in Staves
  1306 | D:2      | Reached skill level 1 in Slings
  1306 | D:2      | Reached skill level 1 in Crossbows
  1306 | D:2      | Reached skill level 1 in Throwing
  1306 | D:2      | Reached skill level 1 in Unarmed Combat
  1306 | D:2      | Reached skill level 1 in Spellcasting
  1530 | D:3      | Reached XP level 4. HP: 17/34 MP: 5/5
  1773 | D:3      | Noticed Ijyb
  1812 | D:3      | Blown up by Ijyb

Illustrated notes

Levels and vault maps discovered:
D:1:      onia_arrival_zoo_common, layout_loops_ring
D:2:      layout_basic, kennysheep_generic_room_12
D:3:      layout_rooms, chequers_ecumenical_altar_lobes, minmay_cupped,
          uniq_ijyb

Skill      XL: |  1  2  3 |
---------------+----------+-----
Invocations    | 1 |  1.2
Short Blades   | 1 |  1.1
Axes           | 1 |  1.1
Maces & Flails | 1 |  1.1
Polearms       | 1 |  1.1
Staves         | 1 |  1.1
Slings         | 1 |  1.1
Crossbows      | 1 |  1.1
Throwing       | 1 |  1.1
Unarmed Combat | 1 |  1.1
Spellcasting   | 1 |  1.1
Fighting       | |  2.7
Long Blades    | |  4.6
Bows           | |  2.7
Armour         | |  4.6
Dodging        | |  2.7
Stealth        | |  2.5
Shields        | |  2.7
Conjurations   | |  0.8
Hexes          | |  0.8
Summonings     | |  0.8
Necromancy     | |  0.8
Translocations | |  0.8
Transmutations | |  0.8
Fire Magic     | |  0.8
Ice Magic      | |  0.8
Air Magic      | |  0.8
Earth Magic    | |  0.8
Poison Magic   | |  0.8
Evocations     | |  2.7

Action                   |  1- 3 |  4- 6 || total
-------------------------+-------+-------++-------
Melee: Falchion          |   136 |    32 ||   168
       Bite              |    14 |     8 ||    22
  Use: Potion            |       |     3 ||     3
 Stab: Sleeping          |     3 |       ||     3
       Distracted        |       |     1 ||     1
Armor: Leather armour    |    59 |    10 ||    69
Dodge: Dodged            |    93 |    20 ||   113
       Rpst.: Falchion   |    35 |     8 ||    43

Table legend: (Time is in decaauts)
 A = Elapsed time spent in this place.
 B = Non-inter-level travel time spent in this place.
 C = Inter-level travel time spent in this place.
 D = Time resting spent in this place.
 E = Time spent auto-exploring this place.
 F = Levels seen in this place.
 G = Mean time per level.
                   A        B        C        D        E       F      G
               +--------+--------+--------+--------+--------+-----+--------+
         Total |   1822 |   1803 |     19 |      0 |   1395 |   3 |  607.3 |
       Dungeon |   1822 |   1803 |     19 |      0 |   1395 |   3 |  607.3 |
               +--------+--------+--------+--------+--------+-----+--------+

Top non-repeatable levels by time:
     D:1: 1007 daAuts
     D:2: 466 daAuts
     D:3: 347 daAuts
